 Dungeon Crawl Stone Soup version 0.31-a0-1009-g454b1f1e0a (webtiles) character file.

Game seed: 495914174706575637

1677130 Ge0ff the Shapeless Ant (level 27, 306/306 HPs)
             Began as a Formicid Shapeshifter on Nov 13, 2023.
             Was a High Priest of Hepliaklqana.
             Escaped with the Orb
             ... and 3 runes!
             The game lasted 02:38:02 (72178 turns).

Ge0ff the Shapeless Ant (Formicid Shapeshifter)    Turns: 72178, Time: 02:38:03

Health: 306/306    AC: 18    Str: 41    XL:     27
Magic:  42/42      EV: 14    Int: 12    God:    Hepliaklqana [*****.]
Gold:   4007       SH:  0    Dex: 21    Spells: 50/56 levels left

rFire   + +          .
                       - Unarmed
rCold   . . .        i - melded +5 kite shield {reflect}
rNeg    + + .        p - melded +7 chain mail of Docauprylym {Str+5 Dex+2}
rPois   +            (helmet unavailable)
rElec   .            h - melded +2 cloak {rCorr}
rCorr   .            T - melded +2 pair of gloves {Str+3}
SInv    +            Q - melded +0 pair of boots "Peorreloff" {rPois Will+++ Str-2}
Will    +++..        B - amulet of regeneration
Stlth   +++          w - ring of Wegoc {rC+ rN+ Will+ Slay+3, =R}
HPRegen 1.51/turn    a - ring "Ublenaos" {rN+ Dex+8 SInv Stlth+}
MPRegen 0.28/turn

%: no passive effects
@: dragon-form, flying, studying 7 skills
A: dragon claw, dragon scales, breathe fire, flying, boosted hp, reduced
essence, permanent stasis, dig shafts and tunnels, giant, (antennae 3), four
strong arms, MP-powered wands
0: Orb of Zot
}: 3/15 runes: barnacled, silver, gossamer
a: Breathe Fire, Begin Untransformation, Renounce Religion, Recall Ancestor,
Ancestor Identity, Transference, Idealise


You escaped.
You worshipped Hepliaklqana.
Hepliaklqana was extremely pleased with you.
You were a fearsome dragon!
You visited 11 branches of the dungeon, and saw 51 of its levels.
You visited 2 bazaars.
You also visited: Trove, Bailey, Ice Cave and Desolation.

You collected 13859 gold pieces.
You spent 9852 gold pieces at shops.

Inventory:

Missiles
 c - 10 javelins
 g - 8 throwing nets {=F}
 v - 10 curare-tipped darts {=F}
 D - 2 darts of dispersal
 Z - 6 boomerangs (quivered)
Armour
 h - a +2 cloak of preservation (melded)
 i - a +5 kite shield of reflection (melded)
 p - the +7 chain mail of Docauprylym (melded) {Str+5 Dex+2}
   (You bought it in a shop in a bazaar)

   Str+5:     It affects your strength (+5).
   Dex+2:     It affects your dexterity (+2).
 Q - the +0 pair of boots "Peorreloff" (melded) {rPois Will+++ Str-2}
   (You found it on level 4 of the Spider Nest)

   Str-2:     It affects your strength (-2).
   rPois:     It protects you from poison Will+++: It greatly increases your
   willpower.
 T - a +2 pair of gloves of strength (melded)
Jewellery
 a - the ring "Ublenaos" (right foreclaw) {rN+ Dex+8 SInv Stlth+}
   (You took it off an orc wizard on level 1 of the Orcish Mines)

   [ring of see invisible]

   Dex+8:     It affects your dexterity (+8).
   rN+:       It protects you from negative energy.
   SInv:      It lets you see invisible.
   Stlth+:    It makes you more stealthy.
 r - the ring of Sadehaf {Drain *Slow rCorr Int+6 Slay+4}
   (You took it off a servant of whispers in the Desolation of Salt)

   [ring of intelligence]

   Int+6:     It affects your intelligence (+6).
   Slay+4:    It affects your accuracy & damage with ranged weapons and melee
   (+4).
   rCorr:     It protects you from acid and corrosion.
   Drain:     It drains your maximum health when unequipped.
   *Slow:     It may slow you when you take damage.
 w - the ring of Wegoc (left foreclaw) {rC+ rN+ Will+ Slay+3, =R}
   (You found it on level 4 of the Depths)

   [ring of protection from cold]

   Slay+3:    It affects your accuracy & damage with ranged weapons and melee
   (+3).
   rC+:       It protects you from cold.
   rN+:       It protects you from negative energy.
   Will+:     It increases your willpower.
 B - an amulet of regeneration (around neck)
 G - an amulet of guardian spirit
 H - the ring of Xuotaf {*Slow Fly rF+++ rN+ Str-5}
   (You bought it in a shop on level 1 of the Orcish Mines)

   [ring of positive energy]

   Str-5:     It affects your strength (-5).
   rF+++:     It renders you almost immune to fire.
   rN+:       It protects you from negative energy.
   Fly:       It grants you flight.
   *Slow:     It may slow you when you take damage.
 O - the ring "Kuber" {rPois rF+ rN+ Str+4 Int-5}
   (You bought it in a shop in a bazaar)

   [ring of protection from fire]

   Str+4:     It affects your strength (+4).
   Int-5:     It affects your intelligence (-5).
   rF+:       It protects you from fire.
   rPois:     It protects you from poison rN+: It protects you from negative
   energy.
Talismans
 x - the granite talisman of Nykhlunno {Str+4}
   (You bought it in a shop on level 2 of the Depths)

   [granite talisman]

   Str+4:     It affects your strength (+4).
 Y - a dragon-blood talisman (active)
Wands
 d - a wand of digging (24)
 e - a wand of charming (61)
 f - a wand of flame (74)
 j - a wand of quicksilver (11)
 k - a wand of iceblast (43)
 s - a wand of mindburst (28)
 P - a wand of polymorph (55)
Scrolls
 m - 2 scrolls of revelation
 y - 2 scrolls of immolation
 C - a scroll of poison
 E - 8 scrolls of fear
 F - 4 scrolls of fog
 J - 2 scrolls of silence {!r}
 S - 6 scrolls of butterflies
 V - 3 scrolls of vulnerability
Potions
 o - 6 potions of ambrosia
 q - 13 potions of curing
 u - 13 potions of mutation {!q}
 z - 6 potions of brilliance
 A - 9 potions of attraction
 I - 4 potions of invisibility
 K - a potion of magic {!q}
 L - 8 potions of lignification
 M - 2 potions of might
 N - 2 potions of cancellation {!q}
 R - 2 potions of resistance
 W - 10 potions of heal wounds {!q}
 X - 5 potions of enlightenment
Miscellaneous
 l - a lightning rod (4/4)
 n - a phial of floods
 t - a tin of tremorstones (2/2)
 U - a phantom mirror (inert)


   Skills:
 + Level 20.9 Fighting
 - Level 16.0 Throwing
 - Level 8.0 Armour
 - Level 10.0 Dodging
 - Level 15.0 Stealth
 - Level 15.0 Shields
 - Level 20.0 Unarmed Combat
 - Level 15.0 Spellcasting
 - Level 10.0 Translocations
 - Level 12.0 Transmutations
 - Level 12.0 Earth Magic
 - Level 18.0 Invocations
 - Level 17.0 Evocations
 O Level 27 Shapeshifting


You had 50 spell levels left.
You knew the following spells:

 Your Spells              Type           Power      Damage    Failure   Level
w - Passwall              Tmut/Erth      30%        N/A       1%          2
C - Manifold Assault      Tloc           33%        N/A       1%          4

Your spell library contained the following spells:

 Spells                   Type           Power      Damage    Failure   Level
 Sandblast                Erth           74%        2d16      1%          1
 Sting                    Tmut/Pois      92%        1d7       1%          1
 Lesser Beckoning         Tloc           66%        N/A       1%          2
 Wereblood                Tmut           37%        N/A       1%          2
 Gell's Gravitas          Tloc           33%        N/A       1%          3
 Stone Arrow              Conj/Erth      46%        3d9       1%          3
 Teleport Other           Tloc           33%        N/A       1%          3
 Passage of Golubria      Tloc           33%        N/A       1%          4
 Lee's Rapid Deconstruct  Erth           18%        3d11*     1%          5
 Volatile Blastmotes      Fire/Tloc      42%        2d13      2%          3
 Ignite Poison            Fire/Tmut/Pois 18%        N/A       4%          3
 Animate Armour           Summ/Erth      46%        N/A       6%          4
 Brom's Barrelling Bould  Conj/Erth      23%        2d4       6%          4
 Leda's Liquefaction      Hex/Erth       11%        N/A       6%          4
 Magic Dart               Conj           36%        1d4       7%          1
 Dimensional Bullseye     Hex/Tloc       10%        N/A       9%          4
 Iskenderun's Mystic Bla  Conj/Tloc      21%        2d6       9%          4
 Call Imp                 Summ           18%        N/A       11%         2
 Ensorcelled Hibernation  Hex/Ice        18%        N/A       11%         2
 Poisonous Vapours        Pois/Air       18%        N/A       11%         2
 Scorch                   Fire           18%        2d5       11%         2
 Searing Ray              Conj           18%        2d5       11%         2
 Static Discharge         Conj/Air       18%        3-4/arc   11%         2
 Sublimation of Blood     Necr           9%         N/A       11%         2
 Alistair's Intoxication  Tmut/Pois      15%        N/A       17%         5
 Borgnjor's Vile Clutch   Necr/Erth      11%        N/A       17%         5
 Yara's Violent Unravell  Hex/Tmut       11%        3d6       17%         5
 Dispersal                Tloc           16%        N/A       19%         6
 Dazzling Flash           Conj/Hex       18%        N/A       22%         3
 Inner Flame              Hex/Fire       9%         N/A       22%         3
 Mephitic Cloud           Conj/Pois/Air  9%         N/A       22%         3
 Ozocubu's Armour         Ice            9%         N/A       22%         3
 Tukima's Dance           Hex            9%         N/A       22%         3
 Vampiric Draining        Necr           9%         2d6       22%         3
 Summon Forest            Summ/Tloc      10%        N/A       26%         5
 Airstrike                Air            4%         2d(1-17)  56%         4
 Animate Dead             Necr           9%         N/A       56%         4
 Cause Fear               Hex            4%         N/A       56%         4
 Flame Wave               Conj/Fire      9%         2d6       56%         4
 Fulminant Prism          Conj/Hex       4%         3d5       56%         4
 Olgreb's Toxic Radiance  Pois           9%         N/A       56%         4
 Sticky Flame             Conj/Fire      9%         2d3       56%         4
 Summon Ice Beast         Ice/Summ       9%         N/A       56%         4
 Summon Lightning Spire   Summ/Air       9%         N/A       56%         4
 Bombard                  Conj/Erth      11%        9d3       67%         6
 Eringya's Noxious Bog    Tmut/Pois      11%        4d6       67%         6
 Agony                    Necr           9%         N/A       89%         5
 Arcjolt                  Conj/Air       4%         1d14      89%         5
 Fireball                 Conj/Fire      4%         3d4       89%         5
 Iskenderun's Battlesphe  Conj           9%         2d6       89%         5
 Metabolic Englaciation   Hex/Ice        4%         N/A       89%         5
 Silence                  Hex/Air        4%         N/A       89%         5
 Summon Mana Viper        Hex/Summ       9%         N/A       89%         5
 Conjure Ball Lightning   Conj/Air       4%         3x3d6     100%        6
 Plasma Beam              Fire/Air       4%         2x1d14    100%        6
 Simulacrum               Ice/Necr       4%         N/A       100%        6
 Starburst                Conj/Fire      4%         6d4       100%        6
 Summon Cactus Giant      Summ           4%         N/A       100%        6
 Enfeeble                 Hex            4%         N/A       100%        7
 Haunt                    Necr/Summ      4%         N/A       100%        7
 Monstrous Menagerie      Summ           4%         N/A       100%        7
 Orb of Destruction       Conj           4%         9d5       100%        7
 Summon Hydra             Summ           4%         N/A       100%        7
 Infestation              Necr           4%         N/A       100%        8
 Lehudib's Crystal Spear  Conj/Erth      11%        10d4      100%        8
 Maxwell's Capacitive Co  Air            4%         ∞         100%        8
 Dragon's Call            Summ           4%         N/A       100%        9
 Shatter                  Erth           18%        3d17*     100%        9
 Blink                    Tloc           Unusable   N/A       N/A         2
 Vhi's Electric Charge    Tloc/Air       Unusable   N/A       N/A         4
 Swiftness                Air            Unusable   N/A       N/A         3

Dungeon Overview and Level Annotations

Branches:
Dungeon (15/15)            Temple (1/1) D:4            Lair (5/5) D:11
 Shoals (4/4) Lair:2       Spider (4/4) Lair:2        Slime (0/5) Lair:4
    Orc (2/2) D:10            Elf (3/3) Orc:2        Vaults (5/5) D:14
  Crypt (3/3) Vaults:2       Tomb (0/3) Crypt:3      Depths (4/4) D:15
    Zot (5/5) Depths:4     Bailey (visited)           IceCv (visited)
Desolation (visited)

Altars:
Ashenzari
Cheibriados
Dithmenos
Elyvilon
Fedhas
Gozag
Hepliaklqana
Kikubaaqudgha
Makhleb
Nemelex Xobeh
Okawaru
Qazlal
Ru
Sif Muna
Trog
Uskayaw
Vehumet
Wu Jian
Xom
Yredelemnul
Zin
The Shining One
Jiyva

Shops:
D:3 *   D:4 !   D:12 =   Orc:1 =   Orc:2 (?(*   Elf:1 [(   Shoals:4 =
Vaults:2 =   Depths:2 =

Portals:
Hell: Depths:1 Depths:2 Depths:3 Depths:4
Abyss: Depths:3 Depths:4
Pandemonium: Depths:2 Depths:3
Ziggurat: Depths:1


Innate Abilities, Weirdness & Mutations

You are a fearsome dragon!
You have a powerful clawing attack.
Your giant scaled body is strong and resilient, but less evasive.
You can breathe fire.
You are flying.
Your maximum health is greatly increased.
Your armour is entirely melded.
You are incapable of wielding weapons or throwing items.
Your life essence is reduced to manifest your ancestor. (-10% HP)
You cannot be hasted, slowed, berserked, paralysed or teleported.
You can dig through walls and to a lower floor.
((You have a pair of large antennae on your head. (SInv)))
Your four strong arms can wield two-handed weapons with a shield.
You expend magic power (3 MP) to strengthen your wands.


Message History

Mage AssistANT gestures at the Orb Guardian while chanting.
The bolt of magma hits the Orb Guardian!
You claw the Orb Guardian! You bite the Orb Guardian!
The Orb Guardian is heavily wounded.
The Orb Guardian hits you!!
Mage AssistANT gestures at the Orb Guardian while chanting.
The bolt of magma hits the Orb Guardian!!!
You catch the helpless Orb Guardian completely off-guard!
You maul the Orb Guardian!!!!
You kill the Orb Guardian!
Magic restored.
There is a stone staircase leading up here.
You fly upwards.
There is a stone staircase leading down here.
There is an open door here.
HP restored.
There is an open door here.
Mage AssistANT is no longer moving quickly.
There is a stone staircase leading up here.
You fly upwards.
There is a stone staircase leading down here.
There is a stone staircase leading up here.
You fly upwards.
There is a stone staircase leading down here.
There is an escape hatch in the floor here.
An Orb Guardian comes into view.
There is a stone staircase leading up here.
Mage AssistANT gestures at the Orb Guardian while chanting.
The bolt of magma hits the Orb Guardian!!
The Orb Guardian hits you.
You fly upwards.
There is a stone staircase leading down here.
Use which ability? (? or * to list) Mage AssistANT is recalled.
There is an open door here.
Magic restored.
You see here a +0 club.
There is a stone staircase leading up here.
You fly upwards.
There is a stone staircase leading down here.
You swap places.
You see here a +0 robe.
There is a stone staircase leading up here.
You fly upwards.
There is a stone staircase leading down here.
There is a stone staircase leading up here.
You fly upwards.
There is a stone staircase leading down here.
There is a staircase leading out of the dungeon here.
You have escaped!

#############
######.......#...#
.....#.#####...#.#
######.#...#.#.#.#
######.#.#.###...#
.....#.#.#.#.#.#R#
####R#.#.#)#.#.#D#
#...#)#.#.#.+##
#.###.#.#.#...#
#.#.'.#...#.+##
#.#.#.#.###.#.#
#.#.#.#.....#.#
#.#.#.#.###...#
#.#.#.#...#.#.#
#.#.#####.#.#.#


You could see the friendly Mage AssistANT the battlemage.

Vanquished Creatures
  2 dread liches
  An ancient lich (Zot:5)
  2 orbs of fire (Zot:5)
  A juggernaut (Depths:3)
  A pandemonium lord (Zot:1)
  3 Killer Klowns
  2 caustic shrikes
  3 curse toes (Zot:4)
  Nikola (Spider:2)
  4 golden dragons
  2 Brimstone Fiends
  A Tzitzimitl (Zot:1)
  Jorgrun (D:15)
  3 electric golems (Zot:5)
  The ghost of Ge0ff the Earth Mage, an adept FoHW of Vehumet (Shoals:2)
  8 tentacled monstrosities
  3 liches
  3 deep elf blademasters
  3 titans
  Asterion (Vaults:2)
  16 Orb Guardians
  6 quicksilver dragons
  A deep elf master archer (Elf:3)
  3 death cobs
  4 sphinxes
  A kraken (Shoals:2)
  10 storm dragons
  The ghost of Guam the Warrior, an adept HOMo of Beogh (Depths:4)
  3 ancient champions
  6 shadow dragons
  7 tengu reavers
  Kirke (Spider:2)
  3 revenants
  5 draconian monks
  9 frost giants
  A demonspawn warmonger (D:15)
  2 fire giants (Depths:3)
  An iron dragon (Vaults:2)
  Louise (Elf:2)
  4 vault wardens
  4 deep elf sorcerers
  3 deep elf elementalists (Elf:3)
  3 emperor scorpions
  A balrug (Depths:3)
  4 ghost moths
  A draconian scorcher (Depths:4)
  A draconian shifter (Zot:5)
  2 curse skulls
  5 ghouls
  3 orc warlords
  5 draconian annihilators (Depths:4)
  10 war gargoyles
  A draconian stormcaller (Zot:2)
  7 ironbound preservers
  2 demonspawn corrupters
  A formless jellyfish (Vaults:3)
  A spriggan defender (Depths:2)
  A reaper (D:15)
  An angel (Depths:1)
  2 broodmothers
  5 green draconians
  15 very ugly things
  5 stone giants
  7 vampire knights
  2 deep elf demonologists (Elf:3)
  2 ironbound thunderhulks
  2 halazid warlocks (Desolation)
  4 red draconians
  4 spark wasps
  A demonspawn black sun (Depths:1)
  8 dire elephants
  5 yellow draconians
  11 black draconians
  4 white draconians
  3 purple draconians
  6 deep elf annihilators (Elf:3)
  3 crystal guardians
  2 blizzard demons
  6 deep elf death magi
  An eidolon (Crypt:1)
  2 ettins
  12 yaktaur captains
  A fire dragon (shapeshifter) (Vaults:5)
  Josephine (Lair:4)
  4 ragged hierophants (Desolation)
  5 merfolk impalers
  4 fire dragons
  4 entropy weavers
  A spectral kraken (Shoals:2)
  6 jiangshi
  6 deep elf high priests
  A great orb of eyes (shapeshifter) (Vaults:5)
  5 servants of whispers (Desolation)
  9 peacekeepers
  4 ice dragons
  2 great orbs of eyes
  4 hydras
  9 vault guards
  2 rakshasas
  A spriggan skeleton (Crypt:3)
  A radroach (Spider:2)
  A spriggan air mage (Depths:4)
  An Orb Guardian zombie (Crypt:2)
  6 ironbound frosthearts
  3 merfolk aquamancers (Shoals:4)
  11 centaur warriors
  3 catoblepae
  5 two-headed ogres
  2 satyrs
  11 dancing weapons
  2 deep troll shamans (Depths:2)
  2 merfolk avatars (Shoals:4)
  3 death knights
  6 boulder beetles
  A tengu warrior (Depths:3)
  10 death yaks
  12 demonic crawlers
  5 death scarabs (Spider:4)
  5 deep troll earth magi
  6 vampire magi
  3 orc high priests (Orc:2)
  A titan zombie (Crypt:3)
  A spriggan berserker (Depths:3)
  A sun demon (Zot:1)
  4 hell knights
  7 deep elf knights
  A titan skeleton (Crypt:3)
  5 iron trolls
  2 soul eaters (Crypt:1)
  8 skeletal warriors
  2 sun moths
  5 pharaoh ants
  3 shadow wraiths
  2 glowing orange brains
  2 sea snakes (Shoals:3)
  2 bunyip zombies (Crypt:3)
  30 deep trolls
  2 shadow demons
  7 deep elf archers
  Pikel (D:6)
  An orange crystal statue (Elf:3)
  A death drake (Depths:4)
  3 arcanists
  6 flayed ghosts
  2 lindwurms
  A bog body (IceCv)
  18 ironbound convokers
  22 deep elf pyromancers
  A goliath frog zombie (Crypt:1)
  9 orc knights
  15 wolf spiders
  19 phantasmal warriors
  9 deep elf zephyrmancers
  5 harpies
  8 steelbarb worms
  2 fauns (Shoals:2)
  28 ugly things
  2 salamanders
  22 moths of wrath
  5 manticores
  6 orc sorcerers
  A moth of wrath (shapeshifter) (Vaults:5)
  3 cyclopes
  2 black mambas
  2 merfolk sirens (Shoals:2)
  8 elephants (Lair:5)
  An ice statue (IceCv)
  8 apocalypse crabs (Zot:4)
  2 smoke demons
  A centaur zombie (Crypt:3)
  9 vault sentinels
  6 cane toads
  4 gargoyles
  3 fire giant skeletons (Crypt:3)
  3 spectral sea snakes (Shoals:2)
  An unseen horror (D:12)
  6 torpor snails
  A spectral redback (Spider:4)
  5 kobold demonologists
  7 freezing wraiths
  7 komodo dragons
  3 rime drakes
  An ice devil (IceCv)
  14 yaktaurs
  A tengu conjurer (D:14)
  An efreet (D:14)
  An anaconda simulacrum (IceCv)
  A redback zombie (Spider:4)
  A queen bee (Lair:2)
  A red devil (D:11)
  2 meliai (Spider:3)
  6 trolls
  13 merfolk
  10 polar bears
  A meliai (shapeshifter) (D:13)
  2 glass eyes
  21 tarantellas
  2 spectral jumping spiders (Spider:4)
  2 large abominations (Zot:1)
  Prince Ribbit (D:6)
  3 wind drakes
  18 saltlings (Desolation)
  2 spectral tarantellas (Spider:4)
  A culicivora zombie (Crypt:1)
  A battlemage (Elf:3)
  7 blink frogs
  A radroach zombie (Crypt:1)
  2 raiju (Lair:5)
  9 snapping turtles
  6 dream sheep
  18 slime creatures
  Sigmund (D:4)
  6 fire dragon skeletons (Crypt:3)
  2 dire elephant simulacra (IceCv)
  9 culicivoras
  21 jumping spiders
  2 centaur simulacra
  4 air elementals
  3 shadows (Crypt:3)
  5 vampires
  5 wyverns
  5 water elementals
  13 wraiths
  2 hogs (Spider:2)
  63 yaks
  A yak (shapeshifter) (D:14)
  43 redbacks
  3 basilisks
  2 steam dragons
  Eustachio (D:4)
  5 vampire mosquitoes
  10 wargs
  2 death yak simulacra (IceCv)
  The ghost of kae the Vexing, an amateur DsEn (D:3)
  2 spectral snapping turtles (Shoals:2)
  3 acid dragons
  5 water moccasins
  A hydra simulacrum (IceCv)
  Duvessa (D:4)
  9 hell hounds (Lair:5)
  A swamp drake (Lair:5)
  5 ice beasts
  35 orc warriors
  12 black bears
  10 wolves (Lair:5)
  6 ogres
  4 centaurs
  An elephant skeleton (Crypt:1)
  2 phantoms
  10 kobold brigands
  2 necrophages (Crypt:2)
  13 bullfrogs
  3 gnoll sergeants
  A cane toad simulacrum (IceCv)
  3 earth elementals
  5 two-headed ogre simulacra (IceCv)
  A komodo dragon skeleton (Crypt:2)
  5 scorpions
  14 wights
  Dowan (D:4)
  A human simulacrum (Vaults:1)
  2 elephant simulacra (IceCv)
  12 killer bees
  6 electric eels
  4 howler monkeys
  A wolf zombie (Crypt:1)
  A lava snake (D:12)
  2 jellies (D:4)
  A quasit (D:5)
  2 centaur skeletons
  5 hounds
  13 orc priests
  A gnoll bouda (D:7)
  A sleepcap (D:8)
  Ijyb (D:4)
  11 orc wizards
  2 iguanas (Lair:5)
  3 troll simulacra (IceCv)
  Natasha (thrice) (D:2)
  2 hell rats (Lair:4)
  5 spriggan simulacra (IceCv)
  11 adders
  14 gnolls
  4 naga simulacra (IceCv)
  3 shadow imps
  9 white imps
  6 ufetubi
  A worm (D:4)
  A dart slug (D:1)
  64 orcs
  10 ball pythons
  3 bats (D:1)
  10 endoplasms
  3 giant cockroaches
  6 goblins
  9 hobgoblins
  2 jackals (D:3)
  A quokka (D:4)
  5 frilled lizards
  A hobgoblin skeleton (Crypt:2)
  A hobgoblin zombie (Crypt:2)
  27 kobolds
  5 rats
  4 tentacles (Shoals:2)
1613 creatures vanquished.

Vanquished Creatures (collateral kills)
  3 ancient liches
  3 dread liches
  4 orbs of fire
  A juggernaut (Depths:1)
  Sojobo (Crypt:3)
  Margery (Vaults:2)
  A caustic shrike (Depths:4)
  Frederick (Vaults:2)
  3 Killer Klowns (Zot:5)
  6 golden dragons
  A pandemonium lord (Zot:1)
  An electric golem (Zot:1)
  A walking crystal tome (Depths:3)
  12 tentacled monstrosities
  12 Orb Guardians (Zot:5)
  An Ice Fiend (Zot:5)
  3 liches
  5 titans (Vaults:5)
  Frances (D:14)
  A deep elf master archer (Elf:3)
  5 quicksilver dragons
  The ghost of GrimJard the Severer, an adept HOFi of Beogh (Spider:2)
  3 sphinxes
  3 ancient champions
  The ghost of Gawoomn the Slayer, an adept HOMo of Beogh (Depths:1)
  9 death cobs
  3 tengu reavers
  The ghost of Vony the Unseen, an adept OpMo of Ashenzari (Shoals:3)
  A revenant (Crypt:2)
  3 draconian monks
  6 storm dragons
  8 shadow dragons
  Roxanne (D:15)
  Donald (Spider:3)
  A daeva (Depths:1)
  2 deep elf sorcerers (Elf:3)
  2 imperial myrmidons (Desolation)
  3 emperor scorpions (Spider:4)
  2 fire giants
  11 vault wardens
  4 iron dragons
  4 frost giants
  5 ghost moths
  A balrug (Depths:2)
  2 draconian scorchers
  An angel (Depths:1)
  3 draconian shifters
  A curse skull (Crypt:2)
  2 orc warlords
  A war gargoyle (Vaults:5)
  2 draconian annihilators
  14 very ugly things
  3 ironbound thunderhulks
  6 ghouls
  8 stone giants
  2 vampire knights
  12 ironbound preservers
  A spriggan defender (Depths:2)
  2 formless jellyfish
  9 dire elephants
  2 deep elf demonologists (Elf:3)
  4 green draconians
  A deep elf annihilator (Elf:3)
  A lorocyproca (Zot:1)
  4 black draconians
  7 purple draconians
  5 red draconians
  9 white draconians
  2 spark wasps
  5 yellow draconians
  An eidolon (Crypt:3)
  A halazid warlock (Desolation)
  A blizzard demon (Zot:1)
  3 merfolk impalers
  3 ettins
  3 yaktaur captains
  4 jiangshi (Crypt:2)
  9 fire dragons
  2 entropy weavers
  2 deep elf death magi
  4 deep elf high priests
  2 ragged hierophants (Desolation)
  An entropy weaver (shapeshifter) (D:14)
  17 vault guards (Vaults:5)
  8 ice dragons
  3 servants of whispers (Desolation)
  A hydra (D:13)
  2 great orbs of eyes
  A catoblepas (Vaults:2)
  4 peacekeepers (Desolation)
  7 centaur warriors
  4 merfolk avatars
  A rakshasa (Depths:1)
  A sphinx zombie (Crypt:1)
  An ironbound frostheart (Vaults:4)
  3 ogre magi
  An anaconda (shapeshifter) (Vaults:4)
  2 merfolk aquamancers (Shoals:4)
  A jorogumo (Spider:4)
  A spriggan air mage (Depths:4)
  2 alligator snapping turtles
  13 dancing weapons
  An alligator (shapeshifter) (Vaults:5)
  5 boulder beetles
  3 vampire magi
  A deep troll shaman (Depths:2)
  2 death yaks
  2 death scarabs (Spider:4)
  6 deep troll earth magi
  A spriggan berserker (Depths:2)
  A demonic crawler (Spider:4)
  A tengu warrior (Depths:2)
  2 soul eaters
  3 hell knights (Vaults:2)
  9 deep elf knights
  A sun demon (Depths:1)
  A skyshark (Shoals:3)
  2 sixfirhies
  A sun moth (Spider:4)
  8 skeletal warriors
  5 iron trolls
  2 pharaoh ants (Spider:4)
  9 sea snakes
  A swamp dragon (Lair:5)
  23 deep trolls
  A sea snake (shapeshifter) (Vaults:5)
  6 orb spiders
  5 arcanists
  5 flayed ghosts
  5 phantasmal warriors
  A shadow demon (D:13)
  5 deep elf archers
  5 lindwurms (Vaults:1)
  8 ironbound convokers
  A bog body (Crypt:1)
  An orange crystal statue (Zot:5)
  A steelbarb worm (Spider:4)
  6 orc knights
  A spectral wolf spider (Spider:4)
  A faun (shapeshifter) (Depths:1)
  A fire giant zombie (Crypt:1)
  2 orc sorcerers
  15 harpies
  25 ugly things
  13 deep elf pyromancers
  10 deep elf zephyrmancers
  A necromancer (Vaults:1)
  9 wolf spiders
  3 cyclopes
  7 manticores
  A guardian serpent (shapeshifter) (Elf:1)
  5 moths of wrath
  4 merfolk sirens
  A rust devil (D:14)
  3 fire giant skeletons (Crypt:3)
  An elephant (Lair:5)
  2 cane toads
  8 vault sentinels
  An orange demon (Zot:1)
  A naga mage (Vaults:2)
  2 gargoyles (Crypt:3)
  2 freezing wraiths
  A hellion (Depths:2)
  A yellow draconian zombie (Crypt:1)
  10 water nymphs
  A rime drake (Lair:5)
  3 kobold demonologists
  5 yaktaurs
  A spectral redback (Spider:4)
  A komodo dragon (Lair:5)
  An efreet (D:15)
  A red devil (Zot:5)
  A tengu conjurer (Depths:3)
  A harpy zombie (Crypt:3)
  3 trolls
  20 merfolk
  2 hornets (Vaults:5)
  23 tarantellas
  A meliai (Spider:3)
  A hellwing (Zot:1)
  24 saltlings (Desolation)
  2 polar bears (Lair:5)
  A blink frog (Lair:4)
  A fire giant simulacrum (Vaults:1)
  5 wind drakes
  3 spectral jumping spiders (Spider:4)
  A culicivora zombie (Spider:4)
  A raiju (Lair:5)
  6 snapping turtles
  A glass eye (shapeshifter) (Depths:2)
  9 slime creatures
  6 dream sheep
  A centaur simulacrum (D:14)
  6 culicivoras
  4 fire dragon skeletons (Crypt:3)
  2 air elementals (Elf:1)
  A flying skull (Vaults:2)
  24 jumping spiders
  5 wraiths
  A shadow (Crypt:3)
  2 vampires (Crypt:3)
  7 water elementals
  9 yaks
  2 fire elementals
  3 basilisks
  A wind drake zombie (Crypt:2)
  A chaos spawn (Zot:5)
  28 redbacks
  2 vampire mosquitoes (D:13)
  A warg (Orc:1)
  4 hell hounds (Lair:5)
  3 acid dragons (Lair:5)
  5 water moccasins
  A glowing shapeshifter skeleton (Vaults:1)
  14 orc warriors
  A black bear (Lair:5)
  2 ice beasts (D:12)
  2 ogres
  4 wolves
  A centaur (D:12)
  A human zombie (Vaults:1)
  3 bullfrogs
  4 earth elementals
  2 cane toad simulacra (IceCv)
  3 necrophages
  A troll zombie (Crypt:2)
  5 killer bees (Lair:2)
  A howler monkey (D:11)
  2 lava snakes (D:12)
  5 orc priests
  2 iguanas (Lair:5)
  9 orc wizards
  3 hell rats (Lair:4)
  3 spriggan simulacra (IceCv)
  5 troll simulacra (IceCv)
  2 polar bear simulacra (IceCv)
  An acid dragon zombie (Crypt:2)
  4 gnolls (D:12)
  An adder (D:3)
  3 naga simulacra (IceCv)
  5 white imps (IceCv)
  4 ufetubi
  18 orcs
  A ball python (D:3)
  2 kobolds (D:12)
  A quokka (D:3)
  A frilled lizard skeleton (Crypt:2)
  A butterfly (Lair:5)
  A spectral weapon (Vaults:2)
988 creatures vanquished.

Vanquished Creatures (others)
  A lich (Depths:3)
  A shadow dragon (Vaults:5)
  Agnes (Spider:2)
  2 draconian knights
  A yellow draconian (Zot:2)
  A ragged hierophant (Desolation)
  A death scarab (Spider:4)
  A deep elf knight (Elf:3)
  An orc knight (Orc:1)
  A deep elf zephyrmancer (Elf:2)
  A redback zombie (Spider:4)
  A culicivora zombie (Spider:4)
  2 humans (Spider:2)
  A redback (Spider:4)
  A hell hound (Lair:5)
  An orc warrior (Orc:2)
  70 battlemagi
  4 ancestors
  An orc wizard (Orc:2)
  An ufetubus (D:6)
  15 tentacles (Shoals:2)
109 creatures vanquished.

Grand Total: 2710 creatures vanquished

Notes
Turn   | Place    | Note
-------+----------+-------------------------------------------
     0 | D:1      | Ge0ff the Formicid Shapeshifter began the quest for the
                  | Orb.
     0 | D:1      | Reached XP level 1. HP: 15/15 MP: 1/1
   137 | D:1      | Found a faded altar of an unknown god.
   150 | D:1      | Reached XP level 2. HP: 16/21 MP: 2/2
   166 | D:1      | Reached skill level 1 in Stealth
   450 | D:1      | Reached XP level 3. HP: 26/27 MP: 3/3
  1351 | D:2      | Noticed Natasha
  1361 | D:2      | Killed Natasha
  1362 | D:2      | Reached XP level 4. HP: 25/33 MP: 4/4
  1410 | D:2      | Noticed Natasha
  1417 | D:2      | Killed Natasha
  1702 | D:2      | Noticed Natasha
  1761 | D:2      | Killed Natasha
  1762 | D:2      | Reached skill level 4 in Shapeshifting
  1762 | D:2      | Reached XP level 5. HP: 18/39 MP: 5/5
  2423 | D:3      | Found a runed translucent door.
  2426 | D:3      | Noticed a bullfrog
  2432 | D:3      | Noticed kae's ghost (amateur DsEn)
  2515 | D:3      | Found Bez Kext's General Store.
  2528 | D:3      | Bought a scroll of identify for 24 gold pieces
  2528 | D:3      | Bought a scroll of identify for 24 gold pieces
  2528 | D:3      | Bought a scroll of identify for 24 gold pieces
  2786 | D:3      | Found a runed translucent door.
  3149 | D:4      | Found Loex Vuphas's Distillery.
  3226 | D:4      | Noticed Ijyb
  3233 | D:4      | Killed Ijyb
  3455 | D:4      | Bought a potion of heal wounds for 70 gold pieces
  3495 | D:5      | Entered Level 5 of the Dungeon
  3510 | D:5      | Reached skill level 1 in Armour
  3510 | D:5      | Reached XP level 6. HP: 44/47 MP: 6/6
  3524 | D:5      | Noticed Sigmund
  3533 | D:5      | Noticed Eustachio
  3563 | D:4      | Killed Sigmund
  3564 | D:4      | Reached XP level 7. HP: 10/52 MP: 7/7
  3883 | D:4      | Killed Eustachio
  3884 | D:4      | Reached skill level 5 in Unarmed Combat
  3884 | D:4      | Reached skill level 5 in Shapeshifting
  3928 | D:5      | Identified the +3 leather armour of Feasting {-Tele Str+2
                  | Int+3}
  4047 | D:4      | Found a staircase to the Ecumenical Temple.
  4048 | D:4      | Noticed Dowan
  4054 | Temple   | Entered the Ecumenical Temple
  4060 | D:4      | Killed Dowan
  4062 | D:4      | Noticed Duvessa
  4071 | D:4      | Killed Duvessa
  4072 | D:4      | Reached skill level 6 in Shapeshifting
  4072 | D:4      | Reached XP level 8. HP: 58/58 MP: 8/8
  5323 | D:6      | Found a shadowy altar of Dithmenos.
  5327 | D:6      | Noticed Prince Ribbit
  5478 | D:6      | Reached skill level 7 in Shapeshifting
  5540 | D:6      | Noticed Pikel
  5557 | D:6      | Killed Pikel
  5558 | D:6      | Reached XP level 9. HP: 51/67 MP: 9/9
  5650 | D:6      | Reached skill level 5 in Fighting
  5745 | D:6      | Killed Prince Ribbit
  5746 | D:6      | Reached skill level 8 in Shapeshifting
  5835 | D:6      | Found a radiant altar of Vehumet.
  6314 | D:6      | Found an ornate altar of the Wu Jian Council.
  6800 | D:7      | Reached XP level 10. HP: 56/74 MP: 10/10
  6844 | D:7      | Found a flagged portal.
  6884 | Bailey   | Entered a bailey
  7156 | Bailey   | Reached skill level 1 in Throwing
  7314 | Bailey   | Reached skill level 9 in Shapeshifting
  8775 | D:8      | Reached skill level 5 in Armour
  8846 | D:8      | Noticed a two-headed ogre
  8857 | D:8      | Killed a two-headed ogre
  9216 | D:8      | Found an iron altar of Okawaru.
  9231 | D:8      | Reached skill level 1 in Evocations
 10155 | D:9      | Reached skill level 10 in Unarmed Combat
 10264 | D:9      | Reached XP level 11. HP: 79/79 MP: 11/11
 10274 | D:9      | Reached skill level 10 in Shapeshifting
 10599 | D:9      | Found a hazy altar of Hepliaklqana.
 10609 | D:9      | Became a worshipper of Hepliaklqana the Forgotten
 11167 | D:10     | Entered Level 10 of the Dungeon
 11316 | D:10     | Found a transporter.
 11319 | D:10     | Identified a scroll of acquirement
 11319 | D:10     | Acquired 673 gold pieces
 11324 | D:10     | Noticed an orc sorcerer
 11742 | D:10     | Found a transporter.
 11785 | D:10     | Noticed an orc sorcerer
 12019 | D:10     | Reached skill level 11 in Shapeshifting
 12247 | D:10     | Noticed a two-headed ogre
 12256 | D:10     | Killed a two-headed ogre
 12321 | D:10     | Found a staircase to the Orcish Mines.
 12427 | D:10     | Reached * piety under Hepliaklqana
 12451 | D:10     | Reached XP level 12. HP: 74/80 MP: 12/12
 12454 | D:10     | Noticed a two-headed ogre
 12460 | D:10     | Killed a two-headed ogre
 12728 | D:10     | Found a basalt altar of Yredelemnul.
 12730 | D:10     | Found a snail-covered altar of Cheibriados.
 13309 | D:4      | Bought a potion of ambrosia for 112 gold pieces
 13309 | D:4      | Bought a potion of cancellation for 112 gold pieces
 13309 | D:4      | Bought a potion of resistance for 140 gold pieces
 13309 | D:4      | Bought a potion of magic for 112 gold pieces
 13309 | D:4      | Bought a potion of curing for 42 gold pieces
 13807 | D:3      | Killed kae's ghost
 14050 | D:11     | Reached skill level 12 in Shapeshifting
 14323 | D:11     | Found a staircase to the Lair.
 14602 | D:11     | Noticed a two-headed ogre
 14611 | D:11     | Killed a two-headed ogre
 15058 | Lair:1   | Entered Level 1 of the Lair of Beasts
 15254 | Lair:1   | Reached skill level 13 in Shapeshifting
 15263 | Lair:1   | Reached XP level 13. HP: 69/86 MP: 13/13
 15547 | Lair:1   | Reached ** piety under Hepliaklqana
 15548 | Lair:1   | Remembered your ancestor Mage AssistANT as a battlemage
 16162 | Lair:2   | Reached skill level 1 in Invocations
 16386 | Lair:2   | Found a hole to the Spider Nest.
 16560 | Lair:2   | Found a staircase to the Shoals.
 17508 | Lair:3   | Identified the +3 leather armour of Impressiveness {Fly
                  | rElec rPois Regen+ Stlth-}
 17623 | Lair:3   | Noticed a six-headed hydra
 17630 | Lair:3   | Killed a six-headed hydra
 17825 | Lair:3   | Reached *** piety under Hepliaklqana
 17935 | Lair:3   | Reached XP level 14. HP: 95/95 MP: 16/16
 18259 | Lair:4   | Noticed Josephine
 18267 | Lair:4   | Killed Josephine
 18268 | Lair:4   | Reached skill level 14 in Shapeshifting
 18273 | Lair:4   | Reached skill level 5 in Evocations
 18664 | Lair:4   | Found a viscous altar of Jiyva.
 18665 | Lair:4   | Found a staircase to the Slime Pits.
 18687 | Lair:5   | Entered Level 5 of the Lair of Beasts
 18768 | Lair:5   | Reached skill level 5 in Invocations
 19477 | Lair:5   | Reached XP level 15. HP: 22/100 MP: 20/20
 19487 | Lair:5   | Reached skill level 10 in Fighting
 19745 | Lair:5   | Identified the +7 dagger of Ocwos {venom, Int+3}
 19808 | Lair:5   | Identified the +0 leather armour "Diyfer" {rC+ Int-5
                  | Slay+2}
 20000 | Lair:5   | Reached skill level 15 in Shapeshifting
 20106 | Lair:5   | Reached skill level 15 in Unarmed Combat
 20604 | Orc:1    | Identified the "Huakh"
 20604 | Orc:1    | Entered Level 1 of the Orcish Mines
 20624 | Orc:1    | Found Qup Kysh's Jewellery Boutique.
 20671 | Orc:1    | Reached **** piety under Hepliaklqana
 20721 | Orc:1    | Bought an amulet of guardian spirit for 450 gold pieces
 20790 | Orc:2    | Entered Level 2 of the Orcish Mines
 20845 | Orc:1    | You fall into a shaft and drop 1 floor!
 20875 | Orc:2    | Found a flickering gateway to a bazaar.
 20920 | Bazaar   | Entered a bazaar
 20920 | Bazaar   | Found Kax Ped's Book Shop.
 20920 | Bazaar   | Found Wajenkeo's General Store.
 20920 | Bazaar   | Found Zulemoc's Antique Armour Boutique.
 20920 | Bazaar   | Found Xauduo's Distillery.
 20920 | Bazaar   | Found Ecvump's Assorted Antiques.
 20950 | Bazaar   | Bought a potion of enlightenment for 45 gold pieces
 20950 | Bazaar   | Bought 2 potions of curing for 54 gold pieces
 20950 | Bazaar   | Bought a potion of lignification for 27 gold pieces
 20950 | Bazaar   | Bought a potion of heal wounds for 45 gold pieces
 20950 | Bazaar   | Bought a potion of ambrosia for 72 gold pieces
 20950 | Bazaar   | Bought a potion of might for 36 gold pieces
 20950 | Bazaar   | Bought a potion of heal wounds for 45 gold pieces
 20950 | Bazaar   | Bought a potion of mutation for 72 gold pieces
 20956 | Bazaar   | Bought a spiked chain mail for 256 gold pieces
 20956 | Bazaar   | Identified the +7 chain mail of Docauprylym {Str+5 Dex+2}
                  | (You bought it in a shop in a bazaar)
 21154 | Orc:1    | Noticed an orc warlord
 21168 | Orc:1    | Killed an orc warlord
 21374 | Orc:1    | Noticed an orc warlord
 21380 | Orc:1    | Killed an orc warlord
 21935 | Orc:1    | Identified the ring "Ublenaos" {rN+ Dex+8 SInv Stlth+}
 22080 | Orc:2    | Found a staircase to the Elven Halls.
 22183 | Orc:2    | Found a radiant altar of Vehumet.
 22395 | Orc:2    | Reached skill level 16 in Shapeshifting
 22593 | Orc:2    | Found Hequisask's Assorted Antiques.
 22593 | Orc:2    | Found Elafrabb's Weapon Shop.
 22595 | Orc:2    | Found Fuakest's Magic Scroll Shoppe.
 22595 | Orc:2    | Found Mijoif's Antique Weapon Shop.
 22604 | Orc:2    | Bought a scroll of fog for 64 gold pieces
 22915 | D:12     | Reached XP level 16. HP: 97/116 MP: 19/21
 22927 | D:12     | Identified the +2 flail "Hellblazer" {protect, Fly rF+
                  | Int-2 Dex+6}
 23000 | D:12     | Found a frozen archway.
 23023 | IceCv    | Entered an ice cave
 24585 | D:12     | Found Wixipp's Jewellery Emporium.
 24678 | D:12     | Bought a ring of willpower for 300 gold pieces
 24678 | D:12     | Bought a dragon-blood talisman for 720 gold pieces
 25056 | D:12     | Found a runed translucent gate.
 25056 | D:12     | Found a runed translucent gate.
 25056 | D:12     | Found a runed translucent gate.
 25061 | D:12     | Identified the +6 shortbow "Dragonbane" {antimagic, rC-
                  | rN+++ Str+2 Stlth+}
 25080 | D:12     | Identified the +3 glaive of the Kissing Gnat {flame, Int+3}
 25081 | D:12     | Found a runed translucent gate.
 25081 | D:12     | Found a runed translucent gate.
 25081 | D:12     | Found a runed translucent gate.
 25409 | D:12     | Identified the +5 trident "Goakk" {elec, Fragile rF+ Str+4
                  | Stlth+}
 25575 | D:13     | Learned a level 2 spell: Passwall
 25594 | D:13     | Reached skill level 17 in Shapeshifting
 25712 | D:13     | Learned a level 4 spell: Manifold Assault
 26013 | D:13     | Reached ***** piety under Hepliaklqana
 26031 | D:13     | Found an ornate altar of the Wu Jian Council.
 27093 | D:14     | Noticed Frances
 27106 | D:14     | Killed Frances
 27489 | D:14     | Found a gate to the Vaults.
 27528 | D:15     | Entered Level 15 of the Dungeon
 27535 | D:15     | Noticed Roxanne
 27576 | D:15     | Identified the +7 spear of Iconoclasm {flame, rF+}
 27637 | D:15     | Reached skill level 15 in Fighting
 27643 | D:15     | Reached XP level 17. HP: 109/127 MP: 18/22
 27812 | D:15     | Reached skill level 18 in Shapeshifting
 27949 | D:15     | Found a staircase to the Depths.
 28191 | D:15     | Noticed Jorgrun
 28198 | D:15     | Killed Jorgrun
 28585 | D:15     | Killed Roxanne
 28770 | Spider:1 | Entered Level 1 of the Spider Nest
 28997 | Spider:1 | Reached skill level 1 in Shields
 29225 | Spider:1 | Reached skill level 5 in Shields
 29507 | Spider:1 | Identified the +2 shortbow of Distant Worlds {elec, rElec
                  | rC+ rN+ Will-}
 30097 | Spider:2 | Reached skill level 10 in Shields
 30568 | Spider:2 | Noticed Kirke
 30569 | Spider:2 | Noticed Agnes
 30578 | Spider:2 | Reached XP level 18. HP: 135/135 MP: 19/23
 30588 | Spider:2 | Killed Kirke
 30588 | Spider:2 | Killed Agnes
 30612 | Spider:2 | Noticed Nikola
 30632 | Spider:2 | Killed Nikola
 30897 | Spider:2 | Found a runed translucent door.
 30897 | Spider:2 | Noticed GrimJard's ghost (adept HOFi)
 30904 | Spider:2 | Killed GrimJard's ghost
 30908 | Spider:2 | Identified the +1 robe of Cystel {rC+ Dex+4}
 32187 | Spider:3 | Noticed Donald
 32191 | Spider:3 | Killed Donald
 32291 | Spider:4 | Entered Level 4 of the Spider Nest
 32306 | Spider:4 | Reached skill level 15 in Shields
 32795 | Spider:4 | Reached skill level 5 in Dodging
 33046 | Spider:4 | Reached XP level 19. HP: 143/143 MP: 24/24
 33740 | Spider:4 | Identified the +0 pair of boots "Peorreloff" {rPois Will+++
                  | Str-2}
 33907 | Spider:4 | Got a gossamer rune of Zot
 34343 | Orc:2    | Bought a scroll of enchant armour for 120 gold pieces
 34343 | Orc:2    | Bought a scroll of fear for 64 gold pieces
 34552 | Shoals:1 | Entered Level 1 of the Shoals
 34752 | Shoals:1 | Found Lyqasen's Vocational Training.
 34760 | Shoals:1 | Bought a manual of Evocations for 1280 gold pieces
 34760 | Shoals:1 | Bought a manual of Invocations for 1280 gold pieces
 36147 | Shoals:2 | Found a transporter.
 36149 | Shoals:2 | Found a transporter.
 36150 | Shoals:2 | Noticed Ge0ff's ghost (adept FoHW)
 36925 | Shoals:3 | Found a runed translucent door.
 36930 | Shoals:3 | Noticed Vony's ghost (adept OpMo)
 36940 | Shoals:3 | Killed Vony's ghost
 37009 | Shoals:3 | Identified the +9 trident of Bursted Conscience {flame, rF+
                  | rN+ rCorr Dex+2}
 37021 | Shoals:3 | Reached skill level 10 in Dodging
 37065 | Shoals:3 | Reached XP level 20. HP: 151/151 MP: 25/25
 37852 | Shoals:4 | Entered Level 4 of the Shoals
 37877 | Shoals:4 | Identified the amulet "Tacwuh" {Reflect Int+3 SH+5}
 38066 | Shoals:4 | Reached skill level 5 in Throwing
 38479 | Shoals:4 | Found Wuuninyl's Jewellery Shoppe.
 38597 | Shoals:4 | Got a barnacled rune of Zot
 39215 | Shoals:2 | Killed Ge0ff's ghost
 39309 | Shoals:2 | Identified the ring "Akak" {Will+ Str+2 Dex+3}
 39492 | Desolati | Identified the "Yxunyil"
 39492 | Desolati | Identified the of Haca
 39492 | Vaults:2 | Identified the "Saddediu"
 39492 | Elf:1    | Entered Level 1 of the Elven Halls
 39722 | Elf:1    | Found Vadeshoixa's Antique Weapon Boutique.
 39944 | Elf:1    | Reached skill level 10 in Invocations
 40474 | Elf:1    | Found Ofumn's Armour Emporium.
 40700 | Elf:2    | Noticed Louise
 40708 | Elf:2    | Killed Louise
 40816 | Elf:2    | Reached skill level 10 in Evocations
 40879 | Elf:2    | Identified the +5 war axe "Icves" {flame, *Noise Will+
                  | Str+9 Dex+2}
 41049 | Elf:2    | Reached XP level 21. HP: 158/158 MP: 27/29
 41056 | Elf:2    | Found a runed translucent gate.
 41057 | Elf:2    | Found a runed translucent gate.
 41057 | Elf:2    | Found a runed translucent gate.
 41299 | Elf:2    | You fall into a shaft and drop 1 floor!
 41299 | Elf:3    | Identified the "Odiel"
 41299 | Elf:3    | Identified the of Ykaidat
 41299 | Elf:3    | Identified the of Izokkynos
 41299 | Elf:3    | Identified the of Kavoupang
 41299 | Elf:3    | Entered Level 3 of the Elven Halls
 41507 | Elf:2    | Reached skill level 19 in Shapeshifting
 42626 | Elf:3    | Identified the +6 scale mail of Nonuez {rElec rF+++ Int-3
                  | SInv}
 42628 | Elf:3    | Noticed a Tzitzimitl
 42665 | Elf:3    | Identified the +7 falchion "Atwoaqet" {freeze, Fragile rC+
                  | rN+ Dex+5}
 42672 | Elf:3    | Identified the ring "Gauliwk" {Contam rElec Str+3 Int+6
                  | Dex+3}
 42713 | Elf:3    | Identified the ring "Fonwuq" {rPois Will+ Str+4}
 42799 | Elf:3    | Identified the ring "Naxy" {rElec rC- rN++ MP+9 Int-3}
 43287 | Vaults:1 | Entered Level 1 of the Vaults
 43374 | Vaults:1 | Found a crumbling gateway.
 43381 | Desolati | Entered the Desolation of Salt
 43396 | Desolati | Reached XP level 22. HP: 166/166 MP: 30/32
 43496 | Desolati | Identified the +9 spear of Coto Acruteh {flame, Str+8 Int-3
                  | SInv}
 43988 | Desolati | Found the +4 consecrated labrys {holy, Valiant Fragile Fly
                  | SInv}
 44007 | Desolati | Identified the +4 scale mail of Lachrymose Wonder {rCorr}
 44092 | Desolati | Found the +9 scales of the Dragon King {rPois rF+ rC+
                  | Will+}
 44118 | Desolati | Identified the +4 pair of boots "Vaofap" {rF+ rC+}
 44127 | Desolati | Identified the ring of Sadehaf {Drain *Slow rCorr Int+6
                  | Slay+4}
 44808 | Vaults:1 | Reached ****** piety under Hepliaklqana
 44882 | Vaults:1 | Reached skill level 15 in Invocations
 45437 | Vaults:2 | Noticed Margery
 45447 | Vaults:2 | Killed Margery
 45450 | Vaults:2 | Noticed Frederick
 45454 | Vaults:2 | Killed Frederick
 45737 | Vaults:2 | Reached XP level 23. HP: 174/174 MP: 34/34
 45759 | Vaults:2 | Reached skill level 10 in Throwing
 46027 | Vaults:2 | Found a portal to a secret trove of treasure.
 46050 | Vaults:2 | Noticed Asterion
 46052 | Vaults:2 | Killed Asterion
 46065 | Vaults:2 | Reached skill level 20 in Shapeshifting
 46091 | Vaults:2 | You paid a toll of 5 scrolls of fear to enter a treasure
                  | trove
 46092 | Trove    | Entered a treasure trove
 46123 | Trove    | Identified the +3 long sword of Malaise {spect, Str+2}
 46148 | Trove    | Identified the scarf "Yruibi" {harm, +Inv rPois Dex+5}
 46152 | Trove    | Identified the +11 longbow of the Pharaoh's Fist {heavy,
                  | Fly rF+ rC++ Str-5}
 46163 | Trove    | Identified the scarf "Quvoshro" {shadows, rF+}
 46216 | Vaults:2 | Found Naskabin's Jewellery Emporium.
 46221 | Vaults:2 | Bought a ring of protection from cold for 325 gold pieces
 46539 | Vaults:2 | Reached skill level 1 in Transmutations
 46547 | Vaults:2 | Reached skill level 1 in Spellcasting
 46575 | Vaults:2 | Reached skill level 15 in Evocations
 46922 | Vaults:2 | Reached skill level 1 in Earth Magic
 46989 | Vaults:2 | Found a staircase to the Crypt.
 47098 | Vaults:3 | Reached skill level 1 in Translocations
 48022 | Vaults:3 | Identified the +6 spear of the Bespelling Gods {elec, rF+
                  | rC+ Will+ Int+2}
 48529 | Vaults:4 | Reached skill level 5 in Transmutations
 48545 | Vaults:4 | Found a flickering gateway to a bazaar.
 48552 | Vaults:4 | Reached XP level 24. HP: 181/181 MP: 34/34
 48565 | Bazaar   | Entered a bazaar
 48569 | Bazaar   | Found Lean's Jewellery Boutique.
 48591 | Bazaar   | Found Huotus's Antique Armour Emporium.
 48612 | Bazaar   | Found Papn's Armour Boutique.
 48632 | Bazaar   | Found Diuler's Antique Weapon Shoppe.
 48659 | Bazaar   | Bought the ring "Kuber" {rPois rF+ rN+ Str+4 Int-5} for 268
                  | gold pieces
 48762 | Vaults:4 | Reached skill level 5 in Spellcasting
 49066 | Vaults:4 | Noticed a dread lich
 49070 | Vaults:4 | Killed a dread lich
 49943 | Depths:1 | Entered Level 1 of the Depths
 49950 | Depths:1 | Reached skill level 5 in Earth Magic
 49997 | Depths:1 | Found a one-way gateway to a ziggurat.
 50349 | Depths:1 | Found a gateway to Hell.
 50427 | Depths:1 | Found a runed translucent door.
 50429 | Depths:1 | Noticed Gawoomn's ghost (adept HOMo)
 50429 | Depths:1 | Noticed a juggernaut
 50454 | Depths:1 | Killed a juggernaut
 50457 | Depths:1 | Killed Gawoomn's ghost
 50464 | Depths:1 | Identified the +0 acid dragon scales of Burning Brilliance
                  | {+Inv rF++ rCorr MP+9}
 50726 | Depths:1 | Identified the +0 great mace of Cruel Justice {heavy, Will-
                  | rCorr Str+5 SInv}
 50866 | Depths:2 | Found a one-way gate leading to the halls of Pandemonium.
 50922 | Depths:2 | Found Zunanix's Jewellery Shop.
 51310 | Depths:2 | Reached XP level 25. HP: 189/189 MP: 32/35
 51397 | Depths:2 | Identified the +10 hand axe of the Onslaught {flame,
                  | Fragile Str+2 Int+2}
 51464 | Depths:2 | Noticed a caustic shrike
 51469 | Depths:2 | Killed a caustic shrike
 51875 | Depths:3 | Found a one-way gate to the infinite horrors of the Abyss.
 52157 | Depths:3 | Reached skill level 5 in Translocations
 52384 | Depths:3 | Found a glowing golden altar of the Shining One.
 52562 | Depths:3 | Noticed a juggernaut
 52571 | Depths:3 | Killed a juggernaut
 52687 | Depths:3 | Identified the +5 scale mail "Fachu" {rN+ Will+ Dex-2}
 53255 | Depths:4 | Entered Level 4 of the Depths
 53444 | Depths:4 | Identified the +2 robe of Eplinun {rPois}
 53526 | Depths:4 | Reached skill level 10 in Transmutations
 53579 | Depths:4 | Noticed a caustic shrike
 53591 | Depths:4 | Found a transporter.
 53593 | Depths:4 | Noticed Guam's ghost (adept HOMo)
 53637 | Depths:4 | Found a transporter.
 53639 | Depths:4 | Noticed a caustic shrike
 53993 | Depths:4 | Found a glowing silver altar of Zin.
 54133 | Depths:4 | Reached XP level 26. HP: 192/192 MP: 36/36
 54308 | Depths:4 | Reached skill level 10 in Spellcasting
 54359 | Depths:4 | Reached skill level 21 in Shapeshifting
 54527 | Depths:4 | Found a gate to the Realm of Zot.
 54840 | Depths:4 | Killed Guam's ghost
 55011 | Depths:4 | Identified the ring of Wegoc {rC+ rN+ Will+ Slay+3}
 55140 | Depths:4 | Identified the +1 hat "Wurao" {Fly Will+}
 55217 | Depths:2 | Bought the granite talisman of Nykhlunno {Str+4} for 2781
                  | gold pieces
 55456 | Vaults:4 | You fall into a shaft and drop 1 floor!
 55456 | Vaults:5 | Entered Level 5 of the Vaults
 55458 | Vaults:5 | Noticed a dread lich
 55810 | Vaults:5 | Reached skill level 10 in Earth Magic
 55922 | Vaults:5 | Killed a dread lich
 56144 | Vaults:5 | Identified the +3 scale mail of the Bull {rC- Will+ Str+3
                  | Int+3}
 56235 | Vaults:5 | Reached XP level 27. HP: 201/201 MP: 37/37
 56332 | Vaults:5 | Noticed a dread lich
 56337 | Vaults:5 | Killed a dread lich
 56471 | Vaults:5 | Identified the +5 quarterstaff of Past Mistakes {antimagic,
                  | Fly Will+ Str+4 Dex-4}
 56484 | Vaults:5 | Got a silver rune of Zot
 57055 | Vaults:5 | Identified the +4 chain mail of Lairchats {Int-2 Dex+4
                  | SInv}
 57091 | Vaults:5 | Identified the amulet "Lagoxask" {Faith rPois}
 57097 | Vaults:5 | Reached skill level 22 in Shapeshifting
 57115 | Vaults:5 | Identified the +3 scale mail "Isili" {rN+ Int-5 Stlth+}
 57577 | Crypt:1  | Entered Level 1 of the Crypt
 58325 | Crypt:2  | Reached skill level 10 in Translocations
 58484 | Crypt:2  | Reached skill level 15 in Throwing
 58661 | Crypt:2  | Reached skill level 23 in Shapeshifting
 58917 | Crypt:2  | Identified the +8 mace "Kymeillomu" {speed, rElec Dex-2
                  | SInv}
 59173 | Crypt:3  | Entered Level 3 of the Crypt
 59877 | Crypt:3  | Noticed Sojobo
 59882 | Crypt:3  | Killed Sojobo
 60385 | Crypt:3  | Found a staircase to the Tomb.
 61028 | Crypt:3  | Found an ancient bone altar of Kikubaaqudgha.
 61053 | Crypt:3  | Identified the +1 ring mail of Dim Light {rPois Str+2}
 61122 | Crypt:3  | Noticed a dread lich
 61127 | Crypt:3  | Killed a dread lich
 61817 | D:3      | Bought a potion of brilliance for 48 gold pieces
 62057 | Orc:2    | Bought a potion of might for 120 gold pieces
 62102 | Orc:1    | Bought the ring of Xuotaf {*Slow Fly rF+++ rN+ Str-5} for
                  | 720 gold pieces
 62104 | Orc:1    | Acquired 450 gold pieces
 62420 | Zot:1    | Entered Level 1 of the Realm of Zot
 62423 | Zot:1    | Reached skill level 24 in Shapeshifting
 63207 | Zot:1    | Reached skill level 25 in Shapeshifting
 64032 | Zot:2    | Found a snail-covered altar of Cheibriados.
 64328 | Zot:2    | Noticed an orb of fire
 64330 | Zot:2    | Killed an orb of fire
 64353 | Zot:2    | Acquired 1051 gold pieces
 65383 | Zot:3    | Noticed an orb of fire
 65385 | Zot:3    | Gained mutation: You are weak. (Str -2) [an orb of fire]
 65388 | Zot:3    | Killed an orb of fire
 65389 | Zot:3    | Reached skill level 26 in Shapeshifting
 66699 | Zot:4    | Noticed a Killer Klown
 66701 | Zot:4    | Killed a Killer Klown
 67628 | Zot:4    | Identified the +2 ring mail of Dithmenos's Envy {rF+ rN+
                  | Dex+2 Slay-4}
 67632 | Zot:4    | Identified the ring "Luni" {rPois Will+}
 68819 | Zot:5    | Entered Level 5 of the Realm of Zot
 68838 | Zot:5    | Reached skill level 27 in Shapeshifting
 69381 | Zot:5    | Reached skill level 5 in Stealth
 69615 | Zot:5    | Noticed an ancient lich
 69619 | Zot:5    | Noticed an ancient lich
 69685 | Zot:5    | Killed an ancient lich
 69753 | Zot:5    | Noticed an orb of fire
 69759 | Zot:5    | Killed an orb of fire
 69978 | Zot:5    | Killed an ancient lich
 70063 | Zot:5    | Noticed an ancient lich
 70067 | Zot:5    | Killed an ancient lich
 70117 | Zot:5    | Noticed a Killer Klown
 70124 | Zot:5    | Killed a Killer Klown
 70264 | Zot:5    | Noticed a Killer Klown
 70280 | Zot:5    | Killed a Killer Klown
 70294 | Zot:5    | Noticed a Killer Klown
 70301 | Zot:5    | Noticed an orb of fire
 70304 | Zot:5    | Killed an orb of fire
 70305 | Zot:5    | Killed a Killer Klown
 70528 | Zot:5    | Reached skill level 10 in Stealth
 70628 | Zot:5    | Reached skill level 15 in Spellcasting
 70786 | Zot:5    | Noticed an orb of fire
 70787 | Zot:5    | Gained mutation: Your spells are a little easier to cast,
                  | but a little less powerful. [an orb of fire]
 70788 | Zot:5    | Lost mutation: You are weak. (Str -2) [an orb of fire]
 70789 | Zot:5    | Gained mutation: You are weak. (Str -2) [an orb of fire]
 70790 | Zot:5    | Killed an orb of fire
 70793 | Zot:5    | Noticed an orb of fire
 70797 | Zot:5    | Killed an orb of fire
 70798 | Zot:5    | Noticed a Killer Klown
 70803 | Zot:5    | Killed a Killer Klown
 70837 | Zot:5    | Noticed a dread lich
 70926 | Zot:5    | Killed a dread lich
 70984 | Zot:5    | Noticed a Killer Klown
 70986 | Zot:5    | Killed a Killer Klown
 71329 | Zot:5    | Lost mutation: You are weak. (Str -2) [potion of mutation]
 71329 | Zot:5    | Lost mutation: Your spells are a little easier to cast, but
                  | a little less powerful. [potion of mutation]
 71329 | Zot:5    | Gained mutation: You expend magic power (3 MP) to
                  | strengthen your wands. [potion of mutation]
 71331 | Zot:5    | Got the Orb of Zot
 71471 | Zot:1    | Noticed Saffev the pandemonium lord
 71471 | Zot:1    | Noticed an ancient lich
 71475 | Zot:1    | Killed an ancient lich
 71479 | Zot:1    | Reached skill level 15 in Stealth
 71479 | Zot:1    | Killed Saffev the pandemonium lord
 71500 | Zot:1    | Noticed Ajucey the pandemonium lord
 71507 | Zot:1    | Killed Ajucey the pandemonium lord
 72178 | D:$      | Escaped with the Orb!

Illustrated notes

Levels and vault maps discovered:
D:1:      onia_arrival_mini_maze_b, layout_loops_ring,
          nicolae_ecumenical_snake_handling
D:2:      layout_loops_cross, uniq_natasha
D:3:      layout_basic, ebering_ghost_sewer_f, serial_shops, shop
D:4:      layout_loops_corners, minmay_temple_entry_junction_2, serial_shops,
          nicolae_lakefront_shop, uniq_duvessa, uniq_ijyb
D:5:      layout_rooms, serial_bayou, serial_bayou_pond_b, serial_bayou_pond_b,
          serial_bayou_crossing, serial_bayou_ford_a, minmay_misc_feat_plants,
          uniq_eustachio, uniq_sigmund
D:6:      layout_basic, mainiacjoe_overflow_large_starburst, old_standard_altar,
          serial_demonic, serial_demonic_g, serial_demonic_c, serial_demonic_c,
          serial_demonic_d, kennysheep_cross_bottleneck, uniq_prince_ribbit1,
          uniq_pikel
D:7:      layout_loops_corners, enter_bailey_8
D:8:      layout_cave_pods, nicolae_overflow_crystal_walls, minivault_22
D:9:      layout_irregular_city, nicolae_hepliaklqana_hazy_memory
D:10:     gammafunk_wand_slinger, layout_basic, nicolae_overflow_hidden_temple,
          kennysheep_orc_monster_closet_entryway, dreamdust_princess_corridor
D:11:     layout_small_grid, due_lair_maze_entry_diamond
D:12:     kennysheep_treasure_stockpile, layout_rooms, serial_shops,
          nicolae_shop_tiny_statue_garden, serial_ice, serial_ice_b,
          serial_ice_e, serial_ice_o, serial_ice_f, serial_ice_i, serial_ice_a,
          serial_ice_m, portal_ice_cave_entry_pillars_1
D:13:     layout_gridville, pdpol_wu_jian_five_deadly_venoms
D:14:     layout_rooms, david_vaults_5, uniq_frances
D:15:     hangedman_depths_entry_try_elsewhere_first, layout_small_grid,
          uniq_roxanne, uniq_jorgrun
Temple:   regret_index_temple_waves
Lair:1:   layout_chaotic_city, grunt_megastairs_4
Lair:2:   layout_loops_ring, minmay_shoals_entry_hut, spider_nest_entry_a,
          special_room [special_room_bee]
Lair:3:   layout_regular_city, pdpol_lair_neglected_garden
Lair:4:   layout_big_grid, slime_entry_1, minivault_19, uniq_josephine
Lair:5:   guppyfry_lair_end_dragon, layout_big_grid,
          hangedman_lair_caniforms_friends, lemuel_fruit_fields
Shoals:1: nicolae_shoals_aurelia_aurita, layout_shoals, nicolae_shop_vocational
Shoals:2: layout_shoals, ebering_ghost_davey_jones
Shoals:3: layout_shoals, gammafunk_ghost_grave
Shoals:4: shoals_end_grunt_ice, layout_shoals, serial_shops, shop
Spider:1: layout_spider_delve, hangedman_spider_tarantella_strand
Spider:2: layout_spider_delve, gammafunk_ghost_grave, uniq_agnes, uniq_kirke,
          uniq_nikola
Spider:3: nicolae_spider_jumping_over_cracks [nicolae_spider_jumping_sub_empty,
          nicolae_spider_jumping_sub_moat, nicolae_spider_jumping_sub_grid,
          nicolae_spider_jumping_sub_offset], special_room, uniq_donald
Spider:4: floodkiller_spider_rune_tomb
Orc:1:    layout_caves, serial_shops, shop, basic_altar, minmay_orc_treasury
Orc:2:    grunt_orc_tribal_feast, layout_caves, basic_altar, serial_shops,
          bzr_entry_water
Elf:1:    layout_onion_city, serial_shops, shop, nicolae_shop_statue_plus,
          kennysheep_underground_church
Elf:2:    nicolae_elf_blades_crystal_corner, layout_gridlike, uniq_louise
Elf:3:    minmay_elf_hall_not_hex, layout_loops_ring, minivault_16
Vaults:1: portal_desolation_entry_nicolae_slug,
          nicolae_vaults_twisting_passages, ontoclasm_vaults_loading_screen,
          nicolae_vaults_diamond_2, ontoclasm_vaults_chip, vaults_dpeg_ring,
          layout_vaults_omnigrid
Vaults:2: nicolae_vaults_shock_wave, nicolae_vaults_trapezoid_lopsided_3,
          hangedman_vaults_unwind, nicolae_vaults_double_plus_3,
          nicolae_vaults_little_squares_6, nicolae_vaults_trapezoid_lopsided_2,
          v_misc_4, vaults_mumra_hex, nicolae_vaults_tangram_2,
          nicolae_vaults_wrenched, minmay_crypt_entry_simple_round,
          nicolae_vaults_storage_room_glass, layout_vaults_chaotic_city,
          enter_trove_0, serial_shops, nicolae_shop_gaudy_bauble,
          serial_hangedman_research, hangedman_research_geology, uniq_frederick,
          uniq_asterion, uniq_margery
Vaults:3: hangedman_vaults_nails, nicolae_vaults_meiosis, v_alt_pattern_3,
          v_rooms_1, v_rooms_5, v_misc_22, nicolae_vaults_sesquioval_fish,
          nicolae_vaults_sightless_eye, serial_ice_b, vaults_dpeg_hooks,
          nicolae_vaults_trapezoid_1, nicolae_vaults_little_squares_5,
          layout_vaults_omnicross
Vaults:4: v_misc_28, v_misc_19, hangedman_vaults_snaps, st_octagons_1,
          nicolae_vaults_trapezoid_lopsided_3, v_alt_pattern_3,
          nicolae_vaults_tetromino_Z_1, hangedman_vaults_capsules,
          ontoclasm_vaults_hangar, grunt_vaults_hallway_short,
          nicolae_vaults_heart-shaped_vault, nicolae_vaults_little_squares_5,
          layout_vaults_ring, serial_shops, bzr_entry_customers
Vaults:5
Crypt:1:  layout_basic, grunt_crypt_arrival_webbed
Crypt:2:  layout_misc_corridors, serial_sigils_hangedman_scratch
Crypt:3:  quadcrypt_mu, uniq_sojobo
Depths:1: layout_roguey, enter_ziggurat_c, serial_bayou_pond_c,
          ebering_ghost_inner_flame, pf_vacation_house_of_asmodeus,
          kennysheep_diamond, st_stairs_5, dispersion_dpeg,
          infiniplex_staircase_pool_lava
Depths:2: evilmike_diamond_1, layout_honeycomb, rand_demon_pan_entry_5,
          serial_shops, shop, hell_entry, minmay_misc_feat_chi
Depths:3: evilmike_horseshoe, layout_basic, abyss_entry, hell_entry,
          rand_demon_pan_entry_4, corexii_corridor_pit, tso_oasis_becter
Depths:4: lemuel_castle_with_subvaults [lemuel_castle_interior_carwin_3],
          layout_basic, gammafunk_ghost_berserking_beasts,
          hangedman_abyss_entry_splay, hell_entry, zin_scriptorium
Zot:1:    layout_cathedral_of_symmetry, grunt_megastairs_5
Zot:2:    kennysheep_ambush_hall, layout_misc_corridors,
          regret_index_zotdec_serpentine_scales
Zot:3:    layout_gridlike, st_stairs_7, grunt_megastairs_3
Zot:4:    gammafunk_mikee_crab_dinner, layout_basic, skrybe_zot_glass_2,
          uniq_josephina
Zot:5:    layout_twisted_circle

Skill      XL: |  1  2  3  4  5  6  7  8  9 10 11 12 13 14 15 16 17 18 19 20 21 22 23 24 25 26 27 |
---------------+----------------------------------------------------------------------------------+-----
Stealth        | 1 2 15 | 15.0
Fighting       | 2 3 4 5 6 7 8 9 12 15 16 17 18 19 20 | 20.9
Shapeshifting  | 4 6 7 8 9 11 13 14 16 17 18 19 20 21 27 | 27.0
Unarmed Combat | 4 5 7 8 10 11 13 14 15 16 17 18 19 20 | 20.0
Armour         | 1 2 3 6 7 8 |  8.0
Dodging        | 2 3 5 10 | 10.0
Throwing       | 2 3 4 6 8 9 10 11 12 13 16 | 16.0
Evocations     | 2 3 4 7 10 12 14 15 16 17 | 17.0
Invocations    | 3 6 7 10 13 15 17 18 | 18.0
Shields        | 11 15 | 15.0
Transmutations | 5 8 10 12 | 12.0
Spellcasting   | 4 7 9 10 15 | 15.0
Earth Magic    | 3 6 8 11 12 | 12.0
Translocations | 2 4 6 8 10 | 10.0

Action                     |  1- 3 |  4- 6 |  7- 9 | 10-12 | 13-15 | 16-18 | 19-21 | 22-24 | 25-27 || total
---------------------------+-------+-------+-------+-------+-------+-------+-------+-------+-------++-------
  Melee: Unarmed           |    92 |   109 |   272 |   673 |   562 |   674 |   424 |   396 |   858 ||  4060
         Punch             |     1 |     3 |     5 |       |    44 |    59 |       |       |    13 ||   125
         Tailslap          |       |       |       |       |       |     2 |       |       |    17 ||    19
         Bite              |       |       |       |       |       |     1 |       |       |    15 ||    16
  Throw: Dart              |       |       |     2 |       |       |     4 |     3 |       |       ||     9
         Boomerang         |       |       |       |       |       |    32 |   158 |   332 |   566 ||  1088
         Throwing net      |       |       |       |       |       |       |     4 |       |       ||     4
   Cast: Manifold Assault  |       |       |       |       |       |       |       |       |   161 ||   161
 Invoke: Ancestor Identity |       |       |       |     1 |       |       |       |       |       ||     1
         Recall Ancestor   |       |       |       |       |     5 |     3 |     1 |     1 |    10 ||    20
         Ancestor Life: Ba |       |       |       |       |     1 |       |       |       |       ||     1
         Idealise          |       |       |       |       |     1 |    11 |     7 |    11 |    20 ||    50
Ability: Begin Untransform |       |     1 |     1 |       |       |     1 |     2 |     1 |       ||     6
         Dig               |       |       |       |     3 |     8 |     5 |     2 |       |     1 ||    19
         Shaft Self        |       |       |       |       |     1 |       |     1 |       |     1 ||     3
  Evoke: Wand              |       |       |       |    18 |    39 |     4 |    24 |     3 |    26 ||   114
         Phial of floods   |       |       |       |       |     2 |     3 |     1 |     2 |     2 ||    10
         Lightning rod     |       |       |       |       |       |       |     9 |     7 |    17 ||    33
         Tin of tremorston |       |       |       |       |       |       |     4 |     7 |    11 ||    22
         Phantom mirror    |       |       |       |       |       |       |     1 |     4 |     7 ||    12
    Use: Scroll            |       |     8 |     6 |     9 |     7 |     9 |     9 |     2 |    15 ||    65
         Potion            |       |     1 |     1 |       |     3 |     2 |     6 |     8 |    19 ||    40
   Stab: Sleeping          |     2 |       |       |       |       |       |     1 |     3 |     2 ||     8
         Distracted        |       |       |       |     2 |    10 |    12 |    16 |    10 |    29 ||    79
         Petrified         |       |       |       |       |     7 |       |       |       |       ||     7
         Fleeing           |       |       |       |       |     1 |       |       |       |       ||     1
         Invisible         |       |       |       |       |       |       |       |     7 |     1 ||     8
 Armour: Animal skin       |    20 |       |       |       |       |       |       |       |       ||    20
         Leather armour    |    19 |    15 |       |       |       |       |       |       |       ||    34
         Chain mail        |       |    44 |   227 |     9 |    76 |   181 |       |       |       ||   537
         Skin              |       |       |     7 |       |       |   579 |   515 |   360 |   710 ||  2171
         Plate armour      |       |       |       |   360 |   247 |       |       |       |       ||   607
         Scale mail        |       |       |       |    35 |       |       |       |       |       ||    35
  Dodge: Dodged            |    38 |    39 |   131 |   293 |   351 |   609 |   474 |   324 |   448 ||  2707
  Block: Kite shield       |       |       |       |       |       |   206 |   646 |   532 |   554 ||  1938
         Reflection        |       |       |       |       |       |       |    84 |    66 |    23 ||   173
   Form: Beast             |       |     1 |     1 |       |       |       |       |       |       ||     2
         Flux              |       |       |     1 |       |       |       |       |       |       ||     1
         Blade             |       |       |       |       |     1 |     2 |       |       |       ||     3
         Dragon            |       |       |       |       |       |     1 |     4 |       |     3 ||     8
         Anaconda          |       |       |       |       |       |     1 |       |       |       ||     1
         Statue            |       |       |       |       |       |     1 |     6 |     1 |     3 ||    11

Table legend: (Time is in decaauts)
 A = Elapsed time spent in this place.
 B = Non-inter-level travel time spent in this place.
 C = Inter-level travel time spent in this place.
 D = Time resting spent in this place.
 E = Time spent auto-exploring this place.
 F = Levels seen in this place.
 G = Mean time per level.
                   A        B        C        D        E       F      G
               +--------+--------+--------+--------+--------+-----+--------+
         Total |  88994 |  79391 |   9603 |   4735 |  53576 |  57 | 1561.3 |
       Dungeon |  21807 |  17576 |   4231 |    815 |  12567 |  15 | 1453.8 |
        Temple |      1 |      1 |      0 |      0 |      0 |   1 |    1.0 |
          Lair |   5749 |   5078 |    671 |    190 |   3570 |   5 | 1149.8 |
        Shoals |   6787 |   6499 |    288 |     96 |   4933 |   4 | 1696.8 |
   Spider Nest |   7693 |   6970 |    723 |    244 |   4475 |   4 | 1923.2 |
  Orcish Mines |   2366 |   1851 |    515 |    213 |    994 |   2 | 1183.0 |
   Elven Halls |   5330 |   5029 |    301 |    418 |   3048 |   3 | 1776.7 |
        Vaults |  11283 |  10373 |    910 |    496 |   6780 |   5 | 2256.6 |
         Crypt |   4663 |   4323 |    340 |     31 |   3333 |   3 | 1554.3 |
        Depths |   8410 |   7517 |    893 |    280 |   5328 |   4 | 2102.5 |
           Zot |  11390 |  10661 |    729 |   1462 |   7197 |   5 | 2278.0 |
        Bazaar |    263 |    263 |      0 |      0 |    141 |   2 |  131.5 |
         Trove |    136 |    136 |      0 |      0 |     19 |   1 |  136.0 |
        Bailey |    625 |    625 |      0 |    117 |    239 |   1 |  625.0 |
      Ice Cave |   1058 |   1058 |      0 |    120 |    642 |   1 | 1058.0 |
    Desolation |   1425 |   1425 |      0 |    249 |    306 |   1 | 1425.0 |
               +--------+--------+--------+--------+--------+-----+--------+

Top non-repeatable levels by time:
   Zot:5: 3388 daAuts
    D:10: 3106 daAuts
Depths:4: 3033 daAuts
   Zot:4: 3019 daAuts
Vaults:5: 2876 daAuts
Spider:3: 2628 daAuts
Vaults:2: 2555 daAuts
Spider:4: 2300 daAuts
 Crypt:3: 2168 daAuts
Vaults:3: 2165 daAuts
Depths:3: 2150 daAuts
   Zot:1: 2113 daAuts
Shoals:4: 1966 daAuts
   Elf:3: 1872 daAuts
Shoals:2: 1849 daAuts
